 Dungeon Crawl Stone Soup version 0.22.1-1-ga44c0e5 (webtiles) character file.

772 Garbasso the Cleaver (level 7, 0/63 HPs)
             Began as a Hill Orc Fighter on Oct 11, 2018.
             Was a Follower of Beogh.
             Slain by an orc warrior
             ... wielding a +0 mace
              (7 damage)
             ... on level 5 of the Dungeon.
             The game lasted 00:24:15 (5514 turns).

Garbasso the Cleaver (Hill Orc Fighter)             Turns: 5514, Time: 00:24:16

Health: 0/63       AC: 11    Str: 19    XL:     7   Next: 83%
Magic:  7/7        EV:  5    Int: 15    God:    Beogh [*.....]
Gold:   299        SH: 10    Dex: 10    Spells: 6/6 levels left

rFire    . . .     SeeInvis .   a - +0 war axe
rCold    . . .     Gourm    .   c - +0 shield
rNeg     . . .     Faith    .   i - +0 chain mail
rPois    .         Spirit   .   y - +1 hat
rElec    .         Reflect  .   (no cloak)
rCorr    .         Harm     .   m - +0 pair of gloves (curse)
MR       .....                  (no boots)
Stlth    ..........             (no amulet)
HPRegen  0.20/turn              (no ring)
MPRegen  0.10/turn              (no ring)

@: brilliant
A: no striking features
a: Renounce Religion


You were on level 5 of the Dungeon.
You worshipped Beogh.
Beogh was aware of your devotion.
You were not hungry.

You visited 1 branch of the dungeon, and saw 6 of its levels.
You also visited: Sewer.

You collected 299 gold pieces.

Inventory:

Hand Weapons
 a - a +0 war axe (weapon)
Missiles
 A - 2 throwing nets (quivered)
Armour
 c - a +0 shield (worn)
 i - a +0 chain mail (worn)
 m - a cursed +0 pair of gloves (worn)
 y - a +1 hat (worn)
Wands
 x - a wand of random effects (29)
 C - a wand of clouds (3)
Scrolls
 e - a scroll of teleportation {unknown}
 g - 2 scrolls of remove curse {unknown}
 h - 8 scrolls of identify
 j - a scroll of fog {unknown}
 l - a scroll of random uselessness {unknown}
 n - 3 scrolls of blinking {unknown}
 p - 4 scrolls of enchant armour {unknown}
 s - a scroll of fear {unknown}
 v - a scroll of noise {unknown}
 w - a scroll of amnesia {unknown}
Potions
 b - 2 potions of flight
 d - a potion of heal wounds {unknown}
 k - 2 potions of cancellation
 o - a potion of agility
 q - 3 potions of mutation
 r - a potion of brilliance
 t - a potion of invisibility {unknown}
 u - a potion of curing {unknown}
 z - 2 potions of resistance {unknown}
 B - a potion of degeneration {unknown}
 D - a potion of haste {unknown}
Comestibles
 f - 9 rations


   Skills:
 + Level 6.1 Fighting
 * Level 8.1 Axes
 - Level 3.5 Armour
 + Level 5.5 Shields


You had 6 spell levels left.
You didn't know any spells.
Your spell library contained the following spells:

 Spells                   Type           Power        Failure   Level  Hunger
 Beastly Appendage        Tmut           #.....       65%         1    ##.....
 Sticks to Snakes         Tmut           #.......     77%         2    ###....
 Spider Form              Tmut/Pois      #.........   91%         3    ####...
 Ice Form                 Ice/Tmut       #.......     99%         4    #####..
 Blade Hands              Tmut           #.........   100%        5    ######.


Dungeon Overview and Level Annotations

Branches:
Dungeon (6/15)             Temple (0/1) D:5

Altars:
Cheibriados

Annotations:
D:4 Blork the orc


Message History

The orc warrior hits you with a mace!!
* * * LOW HITPOINT WARNING * * *
You hit the orc warrior but do no damage.
The orc warrior is moderately wounded.
You block the orc warrior's attack.
Okay, then.
You hit the orc warrior.
The orc warrior is moderately wounded.
You block the orc warrior's attack.
You closely miss the orc warrior.
The orc warrior is moderately wounded.
You block the orc warrior's attack.
You hit the orc warrior.
The orc warrior is heavily wounded.
The orc warrior hits you but does no damage.
It was a potion of brilliance.
You feel clever all of a sudden. The orc warrior hits you with a mace!
You die...
Beogh appreciates the orc warrior's killing of a heretic priest.

...#.#....# #...#..#
#......# ...#.######
##.....# #......# .###.....#
#....## #......# .......#.#
#....# #......# .#####.#.#
#....### #......# .#
#.#.#######.....####......#
.#
#.#.............[.........##
.#
#.########..o...####........
.# #.......##.@)...#
#........ .#
#.......##......# #........
.# #.......##......#
#........ .#
#.......##...#### #........
## #.......##...# #........
#.....[.##...# #........
######.......##...#
#........
..................#
###.#####
######..........#.# #.#


You could see an orc warrior.

Vanquished Creatures
  Menkaure (D:5)
  A crocodile (Sewer)
  A scorpion (D:4)
  A jelly (D:5)
  An orc wizard (D:5)
  An orc priest (D:5)
  A gnoll shaman (D:4)
  A hound (D:3)
  A bullfrog skeleton (D:4)
  A centaur skeleton (D:3)
  Ijyb (D:5)
  2 worker ants
  3 gnolls (D:4)
  7 adders
  2 river rats (D:3)
  An ooze (D:5)
  An adder zombie (D:5)
  An adder skeleton (D:4)
  4 worms
  3 dart slugs
  6 leopard geckos
  13 orcs
  8 bats
  5 giant cockroaches
  4 goblins
  10 hobgoblins
  21 jackals
  8 kobolds
  2 quokkas
  4 frilled lizards
  8 rats
124 creatures vanquished.

Notes
Turn   | Place    | Note
-------+----------+-------------------------------------------
     0 | D:1      | Garbasso the Hill Orc Fighter began the quest for the Orb.
     0 | D:1      | Reached XP level 1. HP: 19/19 MP: 1/1
   135 | D:1      | Reached skill level 3 in Axes
   255 | D:1      | Reached XP level 2. HP: 27/27 MP: 2/2
   951 | D:2      | Reached XP level 3. HP: 33/33 MP: 3/3
  1244 | D:2      | Reached skill level 4 in Axes
  1396 | D:2      | Reached XP level 4. HP: 39/40 MP: 4/4
  1868 | D:3      | Reached skill level 5 in Axes
  1868 | D:3      | Reached XP level 5. HP: 25/47 MP: 5/5
  1990 | D:3      | Found a glowing drain.
  2109 | Sewer    | Entered a sewer
  2238 | Sewer    | Noticed a crocodile
  2255 | Sewer    | Killed a crocodile
  2255 | Sewer    | Reached skill level 5 in Fighting
  2255 | Sewer    | Reached XP level 6. HP: 14/56 MP: 6/6
  2575 | D:3      | Reached skill level 6 in Axes
  2834 | D:3      | Found a snail-covered altar of Cheibriados.
  3486 | D:4      | Noticed Blork the orc
  3727 | D:4      | Reached skill level 5 in Shields
  3727 | D:4      | Reached XP level 7. HP: 27/61 MP: 7/7
  4090 | D:4      | Reached skill level 7 in Axes
  4153 | D:4      | Became a worshipper of Beogh the Brigand
  4360 | D:5      | Entered Level 5 of the Dungeon
  4383 | D:5      | Found a staircase to the Ecumenical Temple.
  4630 | D:5      | Noticed Menkaure
  4647 | D:5      | Killed Menkaure
  4948 | D:5      | Reached skill level 8 in Axes
  4965 | D:5      | Reached * piety under Beogh
  5078 | D:5      | Noticed Ijyb
  5095 | D:5      | Killed Ijyb
  5514 | D:5      | Slain by an orc warrior

Skill      XL: |  1  2  3  4  5  6  7 |
---------------+----------------------+-----
Axes           | 3 4 5 6 8 |  8.1
Fighting       | 4 5 6 |  6.1
Shields        | 4 5 |  5.5
Armour         | |  3.5

Action                   |  1- 3 |  4- 6 |  7- 9 || total
-------------------------+-------+-------+-------++-------
Melee: War axe           |   150 |   186 |   105 ||   441
Invok: Convert to Beogh  |       |       |     1 ||     1
  Use: Scroll            |       |     4 |       ||     4
       Potion            |       |     1 |     2 ||     3
  Eat: Chunk             |     2 |     7 |     6 ||    15
Armor: Chain mail        |    80 |   111 |    65 ||   256
       Scale mail        |     1 |       |       ||     1
Dodge: Dodged            |    29 |    35 |    21 ||    85
Block: Shield            |    89 |   114 |    54 ||   257
